 Dungeon Crawl Stone Soup version 0.30-a0-1018-g25214051b3 (webtiles) character file.

Game seed: 18367502512910580600

649 cheesebisquit the Firebug (level 7, -1/99 HPs)
             Began as a Pale Draconian Fire Elementalist on Apr 8, 2023.
             Succumbed to a gnoll sergeant's poison
             ... on level 5 of the Dungeon.
             The game lasted 00:22:37 (5306 turns).

cheesebisquit the Firebug (DrFE)                    Turns: 5306, Time: 00:22:38

Health: -1/99      AC: 11    Str: 10    XL:     7   Next: 28%
Magic:  3/13       EV: 12    Int: 16    God:
Gold:   314        SH:  0    Dex: 15    Spells: 2/15 levels left

rFire   . . .      SeeInvis +    c - +0 whip
rCold   . . .      Faith    .    (no shield)
rNeg    . . .      Spirit   .    (body armour unavailable)
rPois   .          Reflect  .    (helmet restricted)
rElec   .          Rampage  .    x - +0 cloak
rCorr   .                        (no gloves)
Will    .....                    (no boots) Stlth
                                 (no amulet)
HPRegen 0.36/turn                k - ring of see invisible
MPRegen 0.13/turn                e - +4 ring of protection

@: mighty, brilliant, berserking, lethally poisoned (-1 -> -25), hasted,
invisible, very quick
A: breathe steam, AC +6, unfitting armour, cold-blooded, steam resistance, agile
1, robust 1
a: Breathe Steam


You were on level 5 of the Dungeon.
You visited 1 branch of the dungeon, and saw 5 of its levels.
You also visited: Sewer.

You collected 314 gold pieces.

Inventory:

Hand Weapons
 b - a +0 dagger
 c - a +0 whip (weapon)
Missiles
 t - 8 poisoned darts
Armour
 x - a +0 cloak (worn)
Jewellery
 e - a +4 ring of protection (right hand)
 k - a ring of see invisible (left hand)
 y - a ring of flight
 z - a ring of resist corrosion
 A - a +6 ring of strength
Scrolls
 h - 3 scrolls of identify {unknown}
 j - a scroll of immolation {unknown}
 m - a scroll of summoning
 o - a scroll of amnesia {unknown}
 p - a scroll of fog {unknown}
 q - a scroll of fear {unknown}
 r - a scroll of enchant armour {unknown}
 s - 2 scrolls of magic mapping {unknown}
Potions
 a - a potion of magic
 f - 2 potions of might
 i - 3 potions of haste
 n - 2 potions of mutation
 u - a potion of degeneration {unknown}
 v - a potion of lignification {unknown}
 w - a potion of heal wounds {unknown}


   Skills:
 + Level 4.7 Fighting
 - Level 1.7 Dodging
 - Level 1.7 Stealth
 + Level 4.5 Spellcasting
 - Level 1.0 Conjurations
 + Level 5.9 Fire Magic
 + Level 1.1 Air Magic


You had 2 spell levels left.
You knew the following spells:

 Your Spells              Type           Power      Damage    Failure   Level
a - Swiftness             Air            10%        N/A       30%         3
b - Foxfire               Conj/Fire      88%        2x1d8     3%          1
c - Shock                 Conj/Air       40%        1d5       11%         1
d - Inner Flame           Hex/Fire       19%        N/A       14%         3
e - Volatile Blastmotes   Fire/Tloc      38%        2d13      14%         3
z - Scorch                Fire           66%        2d8       2%          2

Your spell library contained the following spells:

 Spells                   Type           Power      Damage    Failure   Level
 Ensorcelled Hibernation  Hex/Ice        10%        N/A       24%         2
 Passwall                 Tmut/Erth      4%         N/A       24%         2
 Flame Wave               Conj/Fire      22%        2d8       36%         4
 Gell's Gravitas          Tloc           5%         N/A       43%         3
 Teleport Other           Tloc           5%         N/A       43%         3
 Airstrike                Air            5%         2d(1-17)  71%         4
 Dispersal                Tloc           2%         N/A       100%        6


Dungeon Overview and Level Annotations

Branches:
Dungeon (5/15)              Sewer (visited)
 Temple: D:4-7

Altars:

Annotations:
D:5 GigaChad's ghost, novice FoFi


Innate Abilities, Weirdness & Mutations

You can breathe blasts of scalding, opaque steam.
Your pale cyan-grey scales are hard. (AC +6)
You cannot fit into any form of body armour.
You are cold-blooded and may be slowed by cold attacks.
You are immune to the effects of steam.
You are agile. (Dex +4, Str/Int -1)
You are robust. (+10% HP)


Message History

The foxfire hits the gnoll sergeant.
The gnoll sergeant is heavily wounded.
The gnoll sergeant hits you but does no damage.
You conjure some foxfire!
You feel sick. The gnoll sergeant barely misses you.
You feel sick.
The foxfire hits the gnoll sergeant but does no damage.
The gnoll sergeant is heavily wounded.
The foxfire hits the gnoll sergeant.
The gnoll sergeant is heavily wounded.
The gnoll sergeant hits you from afar with a +1 spear of venom!
You are more poisoned.
You fade into invisibility!
You feel very sick.
The gnoll sergeant hits you from afar with a +1 spear of venom.
You are more poisoned.
You feel yourself speed up.
You feel very sick.
The gnoll sergeant hits you from afar with a +1 spear of venom.
* * * LOW HITPOINT WARNING * * *
You are more poisoned.
It was a potion of might.
You feel very mighty all of a sudden.
* * * LOW HITPOINT WARNING * * *
You feel very sick. The gnoll sergeant closely misses you.
It was a potion of brilliance.
You feel clever all of a sudden.
* * * LOW HITPOINT WARNING * * *
You feel very sick.
The gnoll sergeant hits you from afar with a +1 spear of venom.
* * * LOW HITPOINT WARNING * * *
You are more poisoned.
It was a potion of berserk rage.
A red film seems to cover your vision as you go berserk!
You feel yourself moving faster!
You feel mighty!
* * * LOW HITPOINT WARNING * * *
You feel very sick.
You are too berserk!
You feel a strong urge to attack something.
You die...

#.## #... #..##...
###.....# .. #....#.# .
##......#####... .
##.............# g#
####.........#######g#
.........###.....#.gg#
.....#...# #####@).#####
###..#...# #.......#
###......# #.......#
......#..#### .........#
.......#..............)#
........#####......?.....
........# ..=##..!######
........# #.#.##..##
........###..ยง....#K


You could see a gnoll sergeant (unable to see you) and 2 gnolls.

Vanquished Creatures
  Sigmund (D:3)
  An ice beast (D:5)
  A black bear (D:3)
  2 jellies (Sewer)
  An orc priest (D:5)
  2 gnolls (D:5)
  A river rat (Sewer)
  7 adders
  3 worms
  3 dart slugs
  10 orcs
  9 ball pythons
  8 bats
  16 endoplasms
  9 giant cockroaches
  4 goblins
  5 hobgoblins
  2 jackals (D:1)
  7 quokkas
  8 frilled lizards
  2 kobolds
  7 rats
109 creatures vanquished.

Vanquished Creatures (others)
  334 foxfires
  2 fungi (D:5)
  2 plants (D:5)
338 creatures vanquished.

Grand Total: 447 creatures vanquished

Notes
Turn   | Place    | Note
-------+----------+-------------------------------------------
     0 | D:1      | cheesebisquit the Draconian Fire Elementalist began the
                  | quest for the Orb.
     0 | D:1      | Reached XP level 1. HP: 14/14 MP: 3/3
   272 | D:1      | Reached XP level 2. HP: 22/22 MP: 3/5
   279 | D:1      | Reached skill level 1 in Fighting
  1077 | D:1      | Reached XP level 3. HP: 28/28 MP: 4/6
  1122 | D:1      | Learned a level 2 spell: Scorch
  2076 | D:3      | You fall into a shaft and drop 1 floor!
  2343 | D:4      | Reached XP level 4. HP: 36/36 MP: 5/8
  2383 | D:3      | Found a glowing drain.
  2403 | Sewer    | Entered a sewer
  2642 | Sewer    | Reached skill level 4 in Fire Magic
  2786 | Sewer    | Reached XP level 5. HP: 44/44 MP: 4/9
  2908 | Sewer    | Found a viscous altar of Jiyva.
  3026 | D:3      | Noticed Sigmund
  3036 | D:3      | Gained mutation: You are agile. (Dex +4, Str/Int -1)
                  | [potion of mutation]
  3036 | D:3      | Gained mutation: You are robust. (+10% HP) [potion of
                  | mutation]
  3429 | D:3      | Noticed a black bear
  3480 | D:3      | Killed Sigmund
  3481 | D:3      | Reached XP level 6. HP: 57/57 MP: 7/11
  4118 | D:3      | Reached skill level 5 in Fire Magic
  5060 | D:5      | Entered Level 5 of the Dungeon
  5075 | D:5      | Your scales start taking on a pale cyan-grey colour.
  5075 | D:5      | Reached XP level 7. HP: 48/66 MP: 6/13
  5075 | D:5      | Gained mutation: You are immune to the effects of steam.
                  | [Pale Draconian growth]
  5141 | D:4      | Learned a level 3 spell: Swiftness
  5143 | D:4      | Learned a level 1 spell: Shock
  5147 | D:4      | Learned a level 3 spell: Inner Flame
  5151 | D:4      | Learned a level 3 spell: Volatile Blastmotes
  5183 | D:5      | Reached skill level 1 in Air Magic
  5273 | D:5      | Noticed GigaChad's ghost (novice FoFi)
  5305 | D:5      | HP: 4/99 [poisoned by a gnoll sergeant]
  5306 | D:5      | Succumbed to a gnoll sergeant's poison

Illustrated notes

Levels and vault maps discovered:
D:1:      scummos_arrival_checkerplants, layout_basic,
          chequers_serial_rivers_micro_a
D:2:      layout_rooms
D:3:      layout_loops_ring, portal_sewer_entry_f, patterned_corridor,
          uniq_sigmund
D:4:      layout_basic
D:5:      layout_rooms, gammafunk_ghost_nasty_kobolds

Skill      XL: |  1  2  3  4  5  6  7 |
---------------+----------------------+-----
Fighting       | 1 2 4 |  4.7
Spellcasting   | 3 4 |  4.5
Fire Magic     | 4 5 |  5.9
Air Magic      | 1 |  1.1
Dodging        | |  1.7
Stealth        | |  1.7
Conjurations   | |  1.0

Action                     |  1- 3 |  4- 6 |  7- 9 || total
---------------------------+-------+-------+-------++-------
  Melee: Unarmed           |     2 |       |       ||     2
         Whip              |    17 |    37 |     7 ||    61
         Tailslap          |     3 |     5 |     2 ||    10
   Cast: Foxfire           |    68 |    98 |    24 ||   190
         Scorch            |     2 |       |       ||     2
    Use: Scroll            |     4 |       |       ||     4
         Potion            |       |     3 |     5 ||     8
 Armour: Skin              |    10 |    28 |     9 ||    47
  Dodge: Dodged            |    20 |    43 |    10 ||    73

Table legend: (Time is in decaauts)
 A = Elapsed time spent in this place.
 B = Non-inter-level travel time spent in this place.
 C = Inter-level travel time spent in this place.
 D = Time resting spent in this place.
 E = Time spent auto-exploring this place.
 F = Levels seen in this place.
 G = Mean time per level.
                   A        B        C        D        E       F      G
               +--------+--------+--------+--------+--------+-----+--------+
         Total |   5338 |   5113 |    225 |    217 |   4046 |   6 |  889.7 |
       Dungeon |   4707 |   4482 |    225 |    217 |   3558 |   5 |  941.4 |
         Sewer |    630 |    630 |      0 |      0 |    487 |   1 |  630.0 |
               +--------+--------+--------+--------+--------+-----+--------+

Top non-repeatable levels by time:
     D:3: 1533 daAuts
     D:1: 1290 daAuts
     D:4: 1107 daAuts
   Sewer: 630 daAuts
     D:2: 601 daAuts
     D:5: 174 daAuts
